 Dungeon Crawl Stone Soup version 0.20.1-1-g8b1a95d (console) character file.

8341 hilaritas the Gouger (level 11, -4/55 HPs)
             Began as a Felid Berserker on Nov 12, 2017.
             Was an Elder of Trog.
             Slain by a spiny frog (21 damage)
             ... on level 3 of the Lair of Beasts.
             The game lasted 00:27:19 (13110 turns).

hilaritas the Gouger (Felid Berserker)             Turns: 13110, Time: 00:27:19

Health: -4/55      AC:  2    Str: 16    XL:     11   Next: 8%
Magic:  13/13      EV: 26    Int: 10    God:    Trog [****..]
Gold:   737        SH:  0    Dex: 17    Spells: 10/10 levels left
                                        Lives:  0   Deaths: 3

rFire    . . .     SeeInvis +     - Unarmed
rCold    . . .     Gourm    .   (shield unavailable)
rNeg     + . .     Faith    .   (armour unavailable)
rPois    +         Spirit   .   (helmet unavailable)
rElec    .         Reflect  .   (cloak unavailable)
rCorr    .         Harm     .   (gloves unavailable)
MR       +....                  (boots unavailable)
Stlth    +++++.....             (no amulet)
Regen    0.2/turn               v - ring of positive energy
MPRegen  0.2/turn               j - ring of poison resistance

@: lethally poisoned (-4 -> -10), quick
A: no armour, no weapons or thrown items, stealth, claws 1, fangs 3, see
invisible, carnivore 3, clever 1, speed 1, shaggy fur 2, slow metabolism 1,
sharp paws
a: Berserk, Trog's Hand, Brothers in Arms, Burn Spellbooks, Renounce Religion


You were on level 3 of the Lair of Beasts.
You worshipped Trog.
Trog was greatly pleased with you.
You were very full.

You visited 2 branches of the dungeon, and saw 13 of its levels.
You also visited: Sewer.

You collected 737 gold pieces.

Inventory:

Jewellery
 c - a +1 ring of protection
 j - a ring of poison resistance (right paw)
 m - an uncursed ring of fire
 v - a ring of positive energy (left paw)
 z - an uncursed amulet of harm
 F - an uncursed ring of ice
 H - an uncursed ring of stealth
Wands
 B - a wand of iceblast (7/15)
 D - a wand of polymorph (7/24)
 G - a wand of flame (14/48)
 I - a wand of random effects (34/48)
 J - a wand of confusion (24/48)
Scrolls
 b - 4 scrolls of fog
 d - 5 scrolls of identify
 h - 6 scrolls of magic mapping
 i - 5 scrolls of fear
 k - 8 scrolls of remove curse
 r - 4 scrolls of teleportation
 y - 3 scrolls of recharging
Potions
 e - 6 potions of curing
 f - 2 potions of haste
 l - a potion of might
 n - 2 potions of invisibility
 s - 4 potions of agility
 t - 2 potions of magic
 u - a potion of berserk rage
 w - 2 potions of lignification
 A - a potion of brilliance
 C - 3 potions of resistance
 E - a potion of cancellation
Books
 p - a book of Callings

   Spells                             Type                      Level
   a - Summon Small Mammal            Summoning                    1
   b - Call Imp                       Summoning                    2
   c - Call Canine Familiar           Summoning                    3
   d - Summon Guardian Golem          Hexes/Summoning              3
   e - Summon Lightning Spire         Summoning/Air                4
   f - Summon Ice Beast               Ice/Summoning                4
   Trog disapproves of the use of such an item.
 q - a book of Air

   Spells                             Type                      Level
   a - Shock                          Conjuration/Air              1
   b - Swiftness                      Charms/Air                   2
   c - Static Discharge               Conjuration/Air              3
   d - Airstrike                      Air                          4
   e - Lightning Bolt                 Conjuration/Air              5
   Trog disapproves of the use of such an item.
 x - a book of Changes

   Spells                             Type                      Level
   a - Beastly Appendage              Transmutation                1
   b - Sticks to Snakes               Transmutation                2
   c - Spider Form                    Transmutation/Poison         3
   d - Ice Form                       Ice/Transmutation            4
   e - Blade Hands                    Transmutation                5
   Trog disapproves of the use of such an item.
Miscellaneous
 K - a sack of spiders
 L - a phial of floods
Comestibles
 a - 8 meat rations
 o - 5 royal jellies


   Skills:
 * Level 10.5 Fighting
 + Level 10.8 Dodging
 + Level 11.0 Stealth
 * Level 12.6 Unarmed Combat
 * Level 2.1 Evocations


You had 10 spell levels left.
You didn't know any spells.

Dungeon Overview and Level Annotations

Branches:
Dungeon (10/15)            Temple (0/1) D:6            Lair (3/6) D:9
    Orc (0/2) D:9
  Swamp: Lair:2-4    Shoals: Lair:2-4     Snake: Lair:2-4    Spider: Lair:2-4

Altars:
Ashenzari
Dithmenos
Elyvilon
Gozag
Nemelex Xobeh
Qazlal
Ru
Xom
Yredelemnul

Shops:
D:7 :


Innate Abilities, Weirdness & Mutations

You cannot wear armour.
You are incapable of wielding weapons or throwing items.
Your paws allow you to move quietly. (Stealth)
You have sharp claws.
You have razor-sharp teeth.
You have supernaturally acute eyesight. (SInv)
You are carnivorous and can eat meat at any time.
You cover ground quickly.
You are covered in thick fur. (AC +2)
You have a slow metabolism.
Your sharp claws are effective at attacking unaware monsters.
Your mind is acute. (Int +2)


Message History

You bite the spiny frog, but do no damage.
The spiny frog is heavily wounded.
The spiny frog stings you!
You are poisoned.
The spiny frog poisons you!
You barely miss the spiny frog.
You bite the spiny frog, but do no damage.
The spiny frog is heavily wounded.
You feel sick. The spiny frog misses you.
You claw the spiny frog!
The spiny frog is severely wounded.
You feel sick. The spiny frog stings you!!
You claw the spiny frog!
The spiny frog is almost dead.
You feel sick. The spiny frog barely misses you.
You scratch the spiny frog but do no damage.
You bite the spiny frog, but do no damage.
The spiny frog is almost dead.
The spiny frog stings you!!
You die...

.....$......#..
#...........#...
....#..............
#.......<........# .
#.......(.......# ...
................#P.P.
.....................
.............@F......
.........#......##.#.
.......<.#......#
..........#.#....#
...................
##.#####.#.#..#.#.##
# ########.### ##


You could see a spiny frog.

Vanquished Creatures
  The ghost of Zogzag the Geomancer, a journeyman HuEE of Okawaru (D:10)
  Fannar (Lair:2)
  4 two-headed ogres
  Pikel (D:7)
  2 black mambas
  A komodo dragon (Lair:1)
  A freezing wraith (D:10)
  A hornet (D:10)
  3 blink frogs (Lair:2)
  3 hippogriffs
  A wyvern (D:6)
  13 yaks
  4 hogs (D:9)
  A hungry ghost (D:10)
  A wraith (D:10)
  A human (D:9)
  3 water moccasins
  4 orc warriors
  2 porcupines
  2 slaves (D:7)
  2 black bears
  A necrophage (D:5)
  An ice beast (D:9)
  3 ogres
  4 centaurs
  3 crocodiles
  2 big kobolds
  12 bullfrogs
  A wyvern zombie (D:10)
  A scorpion (D:8)
  5 killer bees (D:8)
  9 wights
  3 howler monkeys
  A bullfrog zombie (D:6)
  3 crimson imps
  A quasit (D:10)
  2 centaur skeletons
  4 hounds
  5 jellies
  5 orc priests
  9 orc wizards
  4 worker ants
  3 iguanas
  A killer bee zombie (D:6)
  2 hound zombies
  A hound skeleton (D:6)
  A howler monkey skeleton (D:9)
  A worker ant zombie (D:8)
  12 adders
  3 river rats (D:3)
  An ooze (D:4)
  An adder skeleton (D:6)
  4 worms
  2 dart slugs
  8 leopard geckos
  30 orcs
  6 ball pythons
  9 bats
  2 giant cockroaches
  6 goblins
  7 hobgoblins
  15 jackals
  19 kobolds
  8 quokkas
  6 frilled lizards
  A jackal zombie (D:5)
  A quokka zombie (D:7)
  9 rats
  A bush (Lair:1)
291 creatures vanquished.

Vanquished Creatures (others)
  A worker ant zombie (D:7)
  2 jackals (D:7)
  3 fungi (D:9)
  2 plants
8 creatures vanquished.

Grand Total: 299 creatures vanquished

Notes
Turn   | Place    | Note
-------+----------+-------------------------------------------
     0 | D:1      | hilaritas the Felid Berserker began the quest for the Orb.
     0 | D:1      | Reached XP level 1. HP: 10/10 MP: 2/2
    51 | D:1      | You fall through a shaft!
   116 | D:2      | Reached skill level 1 in Stealth
   116 | D:2      | Reached XP level 2. HP: 8/14 MP: 3/3
   641 | D:1      | Reached XP level 3. HP: 14/17 MP: 4/4
  1103 | D:1      | Reached skill level 4 in Unarmed Combat
  1339 | D:2      | Reached ** piety under Trog
  1670 | D:2      | Reached XP level 4. HP: 21/21 MP: 5/5
  1673 | D:2      | Found a shattered altar of Ashenzari.
  2263 | D:3      | Reached skill level 5 in Unarmed Combat
  2263 | D:3      | Reached XP level 5. HP: 24/24 MP: 6/6
  2391 | D:3      | Mangled by an iguana
  2392 | D:3      | Reached XP level 4. HP: -7/21 MP: 5/5
  2505 | D:3      | Reached XP level 5. HP: 24/24 MP: 6/6
  2522 | D:3      | Reached skill level 6 in Unarmed Combat
  2577 | D:3      | Found a glowing drain.
  2585 | Sewer    | Entered a sewer
  2956 | Sewer    | Reached *** piety under Trog
  3512 | D:3      | Found a faded altar of an unknown god.
  4008 | D:4      | Gained mutation: You are covered in thick fur. (AC +2) [Felid growth]
  4008 | D:4      | Reached XP level 6. HP: 28/28 MP: 7/7
  4967 | D:5      | Entered Level 5 of the Dungeon
  4980 | D:5      | Reached skill level 5 in Stealth
  5087 | D:5      | Reached skill level 7 in Unarmed Combat
  5231 | D:5      | Noticed an orc warrior
  5252 | D:5      | Killed an orc warrior
  5259 | D:5      | Reached XP level 7. HP: 24/31 MP: 8/8
  5453 | D:5      | Reached skill level 8 in Unarmed Combat
  5921 | D:6      | Found a white marble altar of Elyvilon.
  5976 | D:6      | Reached skill level 9 in Unarmed Combat
  5976 | D:6      | Reached XP level 8. HP: 20/34 MP: 9/9
  6203 | D:6      | Found a basalt altar of Yredelemnul.
  6240 | D:6      | Found a staircase to the Ecumenical Temple.
  6296 | D:6      | Found a sacrificial altar of Ru.
  6345 | D:6      | Reached skill level 10 in Unarmed Combat
  6520 | D:6      | Found a sparkling altar of Nemelex Xobeh.
  6918 | D:7      | Reached **** piety under Trog
  7039 | D:7      | Noticed Pikel
  7050 | D:7      | Killed Pikel
  7050 | D:7      | Reached skill level 5 in Dodging
  7050 | D:7      | Reached XP level 9. HP: 16/39 MP: 10/10
  7240 | D:7      | Gained mutation: You tend to lose your temper in combat. [potion of mutation]
  7240 | D:7      | Gained mutation: You are robust. (+10% HP) [potion of mutation]
  7311 | D:7      | Found Xoewuf's Book Shoppe.
  7382 | D:7      | Found a stormy altar of Qazlal.
  7575 | D:7      | Found an opulent altar of Gozag.
  7622 | D:7      | Lost mutation: You are robust. (+10% HP) [potion of mutation]
  7622 | D:7      | Lost mutation: You tend to lose your temper in combat. [potion of mutation]
  7622 | D:7      | Gained mutation: You are frail. (-10% HP) [potion of mutation]
  7622 | D:7      | Gained mutation: You have a somewhat thin skeletal structure. (Dex +2, Stealth) [potion of mutation]
  7632 | D:8      | Found a shimmering altar of Xom.
  7782 | D:8      | Reached skill level 5 in Fighting
  7792 | D:8      | Reached skill level 10 in Stealth
  8183 | D:8      | Found a shadowy altar of Dithmenos.
  8251 | D:8      | Noticed a two-headed ogre
  8258 | D:8      | Killed a two-headed ogre
  8385 | D:8      | Noticed a two-headed ogre
  8387 | D:8      | Killed a two-headed ogre
  8387 | D:8      | Reached XP level 10. HP: 42/42 MP: 11/11
  8732 | D:9      | Found a sacrificial altar of Ru.
  9078 | D:9      | Found a staircase to the Lair.
  9145 | D:9      | Reached skill level 10 in Dodging
  9567 | D:9      | Found a staircase to the Orcish Mines.
  9717 | D:9      | Noticed a two-headed ogre
  9728 | D:9      | Killed a two-headed ogre
  9728 | D:9      | Reached skill level 10 in Fighting
  9850 | D:10     | Entered Level 10 of the Dungeon
  9983 | D:10     | Reached ***** piety under Trog
 10023 | D:10     | Noticed a two-headed ogre
 10033 | D:10     | Killed a two-headed ogre
 10033 | D:10     | Reached XP level 11. HP: 26/48 MP: 12/12
 10362 | D:10     | Slain by an orc warrior
 10363 | D:10     | Reached XP level 10. HP: -5/45 MP: 11/11
 10402 | D:10     | Noticed Zogzag's ghost (journeyman HuEE)
 10419 | D:10     | Killed Zogzag's ghost
 10423 | D:10     | Reached skill level 11 in Unarmed Combat
 10814 | D:10     | Slain by an orc warrior
 10815 | D:10     | Reached XP level 9. HP: 0/41 MP: 10/10
 11000 | Lair:1   | Entered Level 1 of the Lair of Beasts
 11000 | Lair:1   | Noticed a black mamba
 11007 | Lair:1   | Killed a black mamba
 11268 | Lair:1   | Noticed a komodo dragon
 11305 | Lair:1   | Reached XP level 10. HP: 45/45 MP: 11/11
 11800 | Lair:1   | HP: 1/45 [porcupine's spines (10)]
 11973 | Lair:2   | Reached skill level 1 in Evocations
 11982 | Lair:2   | Reached skill level 12 in Unarmed Combat
 12006 | Lair:2   | Noticed Fannar
 12038 | Lair:2   | Killed Fannar
 12489 | Lair:2   | Reached XP level 11. HP: 48/49 MP: 13/13
 12849 | Lair:2   | Lost mutation: You are frail. (-10% HP) [potion of mutation]
 12849 | Lair:2   | Lost mutation: You have a somewhat thin skeletal structure. (Dex +2, Stealth) [potion of mutation]
 12849 | Lair:2   | Gained mutation: You occasionally shout uncontrollably at your foes. [potion of mutation]
 12849 | Lair:2   | Lost mutation: You occasionally shout uncontrollably at your foes. [potion of mutation]
 12849 | Lair:2   | Gained mutation: Your mind is acute. (Int +2) [potion of mutation]
 13110 | Lair:3   | Slain by a spiny frog

Skill      XL: |  1  2  3  4  5  6  7  8  9 10 |
---------------+-------------------------------+-----
Stealth        | 1 2 3 4 5 6 8 10 11 | 11.0
Unarmed Combat | 4 5 6 7 9 10 12 | 12.6
Fighting       | 4 7 10 | 10.5
Dodging        | 5 8 10 | 10.8
Evocations     | 2 |  2.1

Action                   |  1- 3 |  4- 6 |  7- 9 | 10-12 || total
-------------------------+-------+-------+-------+-------++-------
Melee: Unarmed           |    79 |   242 |   240 |   322 ||   883
       Bite              |     6 |    12 |    21 |    56 ||    95
       Punch             |     2 |     6 |    11 |    28 ||    47
Invok: Berserk           |     1 |     6 |     3 |     9 ||    19
       Trog's Hand       |       |     8 |     3 |    11 ||    22
  Use: Scroll            |       |    10 |     8 |     5 ||    23
       Potion            |       |     2 |     4 |     2 ||     8
 Stab: Sleeping          |     7 |    11 |    22 |    17 ||    57
       Distracted        |       |       |     5 |     2 ||     7
  Eat: Chunk             |    10 |    19 |    17 |    24 ||    70
Armor: Skin              |     3 |    14 |    11 |    13 ||    41
Dodge: Dodged            |    65 |   206 |   171 |   277 ||   719
